 Dungeon Crawl Stone Soup version 0.31.0-12-g77e489cdc1 (webtiles) character file.

Game seed: 899158291837410334

276 Silvore the Shield-Bearer (level 6, -1/53 HPs)
             Began as a Minotaur Fighter on Feb 24, 2024.
             Slain by Edmund
             ... wielding a +3 heavy flail
              (6 damage)
             ... on level 4 of the Dungeon.
             The game lasted 00:03:35 (3081 turns).

Silvore the Shield-Bearer (Minotaur Fighter)        Turns: 3081, Time: 00:03:36

Health: -1/53      AC:  7    Str: 22    XL:     6   Next: 4%
Magic:  5/5        EV: 10    Int:  5    God:
Gold:   314        SH:  6    Dex: 10    Spells: 5/5 levels left

rFire   . . .        a - +0 flail (spect)
rCold   . . .        c - +1 buckler
rNeg    . . .        b - +0 scale mail
rPois   .            (helmet restricted)
rElec   .            (no cloak)
rCorr   .            (no gloves)
SInv    .            (no boots)
Will    .....        (no amulet) Stlth
                     (no ring)
HPRegen 0.28/turn    (no ring)
MPRegen 0.09/turn

%: no passive effects
@: mighty
A: horns 2, retaliatory headbutt
a: no special abilities


You were on level 4 of the Dungeon.
You visited 1 branch of the dungeon, and saw 4 of its levels.

You collected 314 gold pieces.

Inventory:

Hand Weapons
 a - a +0 spectral flail (weapon)
Armour
 b - a +0 scale mail (worn)
 c - a +1 buckler (worn)
Scrolls
 k - a scroll of enchant armour
 m - a scroll of revelation
Potions
 d - a potion of might
 e - a potion of lignification {unknown}
 f - 2 potions of enlightenment
 g - 2 potions of resistance {unknown}
 h - a potion of heal wounds {unknown}
 i - 2 potions of mutation
 j - a potion of attraction {unknown}
 l - 3 potions of curing {unknown}


   Skills:
 + Level 4.5 Fighting
 + Level 4.4 Maces & Flails
 + Level 5.1 Armour
 + Level 1.1 Dodging
 + Level 5.3 Shields


You had 5 spell levels left.
You didn't know any spells.
Your spell library contained the following spells:

 Spells                   Type           Power      Damage    Failure   Level
 Blink                    Tloc           0%         N/A       94%         2
 Lesser Beckoning         Tloc           0%         N/A       94%         2
 Mercury Vapours          Alch/Air       0%         N/A       94%         2
 Momentum Strike          Conj/Tloc      0%         3d8       94%         2
 Mephitic Cloud           Conj/Alch/Air  0%         N/A       99%         3
 Volatile Blastmotes      Fire/Tloc      0%         2d10      99%         3
 Fulminant Prism          Conj/Alch      0%         3d5       100%        4
 Iskenderun's Mystic Bla  Conj/Tloc      0%         2d3       100%        4
 Freezing Cloud           Conj/Ice/Air   0%         6-21      100%        5


Dungeon Overview and Level Annotations

Branches:
Dungeon (4/15)
 Temple: D:4-7

Altars:

Shops:
D:3 [

Annotations:
D:4 Edmund


Innate Abilities, Weirdness & Mutations

You have a pair of horns on your head.
You reflexively headbutt those who attack you in melee.


Message History

You hit Edmund.
Edmund is lightly wounded.
Edmund hits you with a +3 heavy flail!
You closely miss Edmund.
Edmund is lightly wounded.
Edmund hits you with a +3 heavy flail!
You hit Edmund but do no damage. You headbutt Edmund.
Edmund is moderately wounded.
Edmund hits you but does no damage.
You barely miss Edmund.
Edmund is moderately wounded.
You feel very mighty all of a sudden. Edmund hits you with a +3 heavy flail!
* * * LOW HITPOINT WARNING * * *
You closely miss Edmund. Your headbutt misses Edmund.
Edmund is moderately wounded.
You block Edmund's attack.
You hit Edmund.
Edmund is moderately wounded.
Edmund misses you.
You barely miss Edmund. Your headbutt misses Edmund.
Edmund is moderately wounded.
You sock Edmund! Your headbutt misses Edmund.
Edmund is severely wounded.
You block Edmund's attack.
You barely miss Edmund.
Edmund is severely wounded.
Edmund barely misses you.
You hit Edmund.
Edmund is severely wounded.
Edmund closely misses you.
You closely miss Edmund.
Edmund is severely wounded.
Edmund hits you with a +3 heavy flail.
* * * LOW HITPOINT WARNING * * *
You hit Edmund.
Edmund is almost dead.
Edmund hits you with a +3 heavy flail.
You die...
Edmund says, "That'll show my brother!"

#.##.# #.##.#
#.##.#
.######.##.#
.........#(#
.#.........#
#.####.<#.#
.##.#.####..#.###
......@@..........
##########.#......
#....#### #.##.#
#.# .# ... .# #.#
.#


You could see Edmund.

Vanquished Creatures
  An orc priest (D:3)
  An iguana (D:3)
  Natasha (D:3)
  An orc wizard (D:3)
  3 gnolls (D:3)
  4 adders
  3 ribbon worms
  7 orcs (D:3)
  8 bats
  3 endoplasms
  4 giant cockroaches
  9 goblins
  11 hobgoblins
  10 jackals
  7 kobolds
  2 quokkas
  5 ball pythons (D:3)
  3 frilled lizards
  4 rats
87 creatures vanquished.

Notes
Turn   | Place    | Note
-------+----------+-------------------------------------------
     0 | D:1      | Silvore the Minotaur Fighter began the quest for the Orb.
     0 | D:1      | Reached XP level 1. HP: 19/19 MP: 0/0
   365 | D:1      | Reached XP level 2. HP: 27/27 MP: 1/1
  1039 | D:2      | Found a faded altar of an unknown god.
  1092 | D:2      | Reached XP level 3. HP: 29/33 MP: 2/2
  2052 | D:3      | Found Pougosih's Armour Emporium.
  2087 | D:3      | Reached XP level 4. HP: 27/40 MP: 3/3
  2197 | D:3      | Reached skill level 5 in Shields
  2206 | D:3      | Reached XP level 5. HP: 41/46 MP: 4/4
  2453 | D:3      | Noticed Natasha
  2516 | D:3      | Killed Natasha
  2561 | D:3      | Reached skill level 1 in Dodging
  2617 | D:3      | Reached skill level 5 in Armour
  2830 | D:3      | Reached XP level 6. HP: 33/53 MP: 5/5
  3066 | D:4      | Noticed Edmund
  3081 | D:4      | Slain by Edmund

Illustrated notes

Levels and vault maps discovered:
D:1:      dpeg_arrival_water_temple_mockup, layout_basic, st_stairs_4
D:2:      layout_basic, hellmonk_ecumenical_altar_arch_garden
D:3:      minmay_bubble_buster, layout_basic, serial_shops, shop,
          nicolae_figureground_sparkle, uniq_natasha
D:4:      layout_loops_ring, mainiacjoe_overflow_two_lobes,
          serial_library_hellmonk_big_corner, uniq_edmund, uniq_pargi

Skill      XL: |  1  2  3  4  5 |
---------------+----------------+-----
Armour         | 4 5 |  5.1
Shields        | 4 5 |  5.3
Fighting       | 4 |  4.5
Maces & Flails | 3 4 |  4.4
Dodging        | 1 |  1.1

Action                     |  1- 3 |  4- 6 || total
---------------------------+-------+-------++-------
  Melee: Flail             |    92 |   103 ||   195
         Headbutt          |    10 |    14 ||    24
    Use: Scroll            |     6 |     1 ||     7
         Potion            |       |     1 ||     1
 Armour: Scale mail        |    80 |    60 ||   140
  Dodge: Dodged            |    56 |    40 ||    96
  Block: Buckler           |    36 |    32 ||    68
